 Dungeon Crawl Stone Soup version 0.29-a0-11-ga75d3d97ab (webtiles) character file.

Game seed: 14773292939019651680

1397 greynaab the Firebug (level 8, -10/57 HPs)
             Began as a Demigod Conjurer on Jan 28, 2022.
             Mangled by Joseph (14 damage)
             ... on level 7 of the Dungeon.
             The game lasted 00:24:07 (7998 turns).

greynaab the Firebug (Demigod Conjurer)             Turns: 7998, Time: 00:24:07

Health: -10/57     AC:  7    Str:  8    XL:     8   Next: 18%
Magic:  4/13       EV: 12    Int: 28    God:
Gold:   335        SH:  0    Dex: 12    Spells: 2/10 levels left

rFire   . . .      SeeInvis .   c - +1 dagger (venom)
rCold   . . .      Faith    .   (no shield)
rNeg    + . .      Spirit   .   k - +2 robe {Will+}
rPois   .          Reflect  .   o - +2 helmet
rElec   .          Harm     .   (no cloak)
rCorr   .          Rampage  .   (no gloves)
Will    +....                   (no boots)
Stlth   ++........              g - amulet of the acrobat
HPRegen 0.19/turn               l - ring of positive energy
MPRegen 0.13/turn               (no ring)

@: no status effects
A: high mp 1, forlorn, divine attributes
a: no special abilities


You were on level 7 of the Dungeon.
You visited 1 branch of the dungeon, and saw 7 of its levels.

You collected 335 gold pieces.

Inventory:

Hand Weapons
 c - a +1 dagger of venom (weapon)
Missiles
 d - 181 stones
 n - 6 poisoned darts
Armour
 k - a +2 robe of willpower (worn)
 o - a +2 helmet (worn)
Jewellery
 g - an amulet of the acrobat (around neck)
 l - a ring of positive energy (left hand)
 q - an amulet of reflection
Wands
 e - a wand of acid (7)
Scrolls
 a - a scroll of brand weapon {unknown}
 b - 3 scrolls of teleportation
 f - a scroll of silence
 j - a scroll of identify
 m - a scroll of magic mapping
Potions
 h - 2 potions of flight {unknown}
 i - a potion of attraction {unknown}
 p - a potion of magic {unknown}
 r - a potion of lignification {unknown}


   Skills:
 - Level 1.7 Dodging
 - Level 1.7 Stealth
 - Level 1.7 Spellcasting
 - Level 7.0 Conjurations
 + Level 7.3 Fire Magic


You had 2 spell levels left.
You knew the following spells:

 Your Spells              Type           Power      Damage    Failure   Level
a - Magic Dart            Conj           100%       1d8       1%          1
b - Searing Ray           Conj           82%        2d7       1%          2
c - Scorch                Fire           86%        2d9       1%          2
d - Dazzling Flash        Conj/Hex       44%        N/A       7%          3

Your spell library contained the following spells:

 Spells                   Type           Power      Damage    Failure   Level
 Static Discharge         Conj/Air       22%        N/A       3%          2
 Freeze                   Ice            8%         1d3       10%         1
 Corpse Rot               Necr/Air       4%         N/A       14%         2
 Poisonous Vapours        Pois/Air       4%         N/A       14%         2
 Flame Wave               Conj/Fire      42%        2d9       4%          4
 Ignite Poison            Fire/Tmut/Pois 16%        N/A       11%         3
 Fulminant Prism          Conj/Hex       11%        3d9       22%         4
 Iskenderun's Mystic Bla  Conj/Tloc      22%        2d6       22%         4
 Lightning Bolt           Conj/Air       11%        1d24      52%         5
 Summon Ice Beast         Ice/Summ       2%         N/A       67%         4
 Alistair's Intoxication  Tmut/Pois      1%         N/A       95%         5
 Metabolic Englaciation   Hex/Ice        1%         N/A       95%         5
 Summon Cactus Giant      Summ           1%         N/A       100%        6
 Maxwell's Capacitive Co  Air            1%         ∞         100%        8


Dungeon Overview and Level Annotations

Branches:
Dungeon (7/15)             Temple (0/1) D:5

Annotations:
D:3 3 runed translucent doors, hgbash's ghost, amateur GrAM
D:6 Dowan
D:7 Joseph


Innate Abilities, Weirdness & Mutations

You have an increased reservoir of magic. (+10% MP)
You shall have no god before yourself.
Your divine heritage dramatically boosts your attributes as you level up.


Message History

Casting: Dazzling Flash (dangerous; 7% risk of failure)
Press: ? - help, Dir - look around, f - activate Joseph is dazzled.
Joseph tries to grin evilly.
Joseph shoots a sling bullet.
The sling bullet hits you!!
Casting: Dazzling Flash (dangerous; 7% risk of failure)
Confirm with . or Enter, or press ? or * to list all spells.
Flames lash Joseph.
Joseph is lightly wounded.
Joseph's fire resistance burns away.
Joseph shoots a sling bullet.
The sling bullet hits you!
Casting: Scorch (safe; 1% risk of failure)
Confirm with . or Enter, or press ? or * to list all spells.
Flames lash Joseph.
Joseph is burned terribly!
Joseph is lightly wounded.
Joseph zaps a wand.
The mass of ice explodes!
The iceblast engulfs you!
* * * LOW HITPOINT WARNING * * *
The now-empty wand crumbles to dust.
Casting: Scorch (safe; 1% risk of failure)
Confirm with . or Enter, or press ? or * to list all spells.
Flames lash Joseph.
Joseph is burned terribly!
Joseph is heavily wounded.
Joseph shoots a sling bullet.
The sling bullet hits you!
* * * LOW HITPOINT WARNING * * *
Unknown command.
Aiming: Corrosive Bolt
Press: ? - help, Shift-Dir - straight line, f - Joseph
Aim: Joseph, wielding a +0 hunting sling, wearing a +0 leather armour and quivering sling bullets (heavily wounded, blind, more vulnerable to fire, 71% to hit)
The bolt of acid hits Joseph!
Joseph is severely wounded.
Joseph is no longer blind.
Aiming: Corrosive Bolt
Press: ? - help, Shift-Dir - straight line, f/p - Joseph
Aim: Joseph, wielding a +0 hunting sling, wearing a +0 leather armour and quivering sling bullets (severely wounded, more vulnerable to fire, 71% to hit)
The bolt of acid hits Joseph!
Joseph is almost dead.
Joseph unwields a +0 hunting sling.
Joseph wields a +2 quarterstaff of speed.
Joseph hits you with a +2 quarterstaff of speed!
You die...

#.....# ###### #.###.#
#....# #.# #.# #....##
#.# #.# #.....# #.###.#
#.....# #...#.# #
#.....##########.#.# #
#..........#.....#.#
######.#####.###@####.##
#...#.....##....@......#
..#.#.###########.######
....#.#.....,,,,#.#
....#.#..#..,,,*#.#
...<#.##.#.######.###***
..###.##.#.#........,,,*
....#.##.#......#.####,*
....#.#..#...........#,*


You could see Joseph (combustible).

Vanquished Creatures
  Eustachio (D:5)
  Menkaure (D:7)
  A water moccasin (D:7)
  An ogre (D:6)
  A centaur (D:6)
  Blork the orc (D:4)
  A scorpion (D:6)
  2 water moccasin skeletons
  A howler monkey (D:4)
  A centaur zombie (D:7)
  A bullfrog zombie (D:6)
  A jelly (D:7)
  2 orc priests
  2 gnoll shamans
  3 hounds
  2 iguanas
  3 orc wizards
  Robin (D:4)
  7 gnolls
  2 adders
  A worm (D:3)
  2 dart slugs
  10 orcs
  4 endoplasms
  2 giant cockroaches (D:1)
  6 hobgoblins
  6 jackals
  4 quokkas
  5 ball pythons
  6 bats
  A frilled lizard (D:1)
  15 goblins
  5 kobolds
  7 rats
109 creatures vanquished.

Notes
Turn   | Place    | Note
-------+----------+-------------------------------------------
     0 | D:1      | greynaab the Demigod Conjurer began the quest for the Orb.
     0 | D:1      | Reached XP level 1. HP: 14/14 MP: 5/5
   595 | D:1      | Reached XP level 2. HP: 20/20 MP: 4/7
   632 | D:1      | Learned a level 2 spell: Searing Ray
  2113 | D:3      | Reached XP level 3. HP: 26/26 MP: 6/8
  2440 | D:3      | Found a runed translucent gate.
  2441 | D:3      | Found a runed translucent gate.
  2441 | D:3      | Noticed hgbash's ghost (amateur GrAM)
  2442 | D:3      | Found a runed translucent gate.
  2542 | D:3      | Got the Catalogue of Contamination and the Frostbite
  2878 | D:4      | Reached skill level 5 in Conjurations
  2960 | D:4      | Noticed Blork the orc
  2987 | D:4      | Killed Blork the orc
  2988 | D:4      | Reached XP level 4. HP: 16/33 MP: 1/9
  3248 | D:4      | Reached XP level 5. HP: 25/38 MP: 5/10
  3633 | D:4      | Noticed Robin
  3787 | D:4      | Killed Robin
  4025 | D:4      | Learned a level 2 spell: Scorch
  4363 | D:5      | Entered Level 5 of the Dungeon
  4414 | D:5      | Found a staircase to the Ecumenical Temple.
  4614 | D:5      | Reached skill level 1 in Fire Magic
  4614 | D:5      | Reached XP level 6. HP: 45/45 MP: 3/11
  4618 | D:5      | Learned a level 3 spell: Dazzling Flash
  4755 | D:5      | Noticed Eustachio
  4849 | D:5      | Killed Eustachio
  5436 | D:6      | Reached XP level 7. HP: 46/50 MP: 7/12
  5846 | D:6      | Reached skill level 5 in Fire Magic
  6049 | D:6      | Noticed Dowan
  6471 | D:7      | Noticed Joseph
  7143 | D:7      | Noticed Menkaure
  7147 | D:7      | Killed Menkaure
  7167 | D:7      | Noticed an air elemental
  7167 | D:7      | Noticed a fire elemental
  7167 | D:7      | Noticed a water elemental
  7314 | D:7      | Reached XP level 8. HP: 29/57 MP: 0/13
  7998 | D:7      | Mangled by Joseph

Illustrated notes

Levels and vault maps discovered:
D:1:      minmay_arrival_four_circles, layout_basic,
          hellmonk_ecumenical_altar_run_dry, serial_rivers,
          chequers_serial_rivers_small_b, chequers_serial_rivers_marsh,
          chequers_serial_rivers_large_b, chequers_serial_rivers_micro_e,
          fountainhead, minmay_tiny_reverse_x
D:2:      layout_loops_ring, basic_altar, serial_aquarium,
          aquarium_bridge_straight [aquarium_subvault_bridge,
          aquarium_subvault_wall, aquarium_subvault_bridge,
          aquarium_subvault_window], aquarium_window_3, aquarium_window_fake,
          aquarium_window_2, aquarium_window_fake, aquarium_view_2e,
          aquarium_view_2d, aquarium_pool_corner, serial_park_tiny_1
D:3:      layout_rooms, ebering_ghost_rock_garden
D:4:      layout_basic, mainiacjoe_overflow_alcove_4, due_unseen_surprise,
          uniq_blork_the_orc, uniq_robin
D:5:      layout_rooms, minmay_temple_entry_slanted, uniq_eustachio
D:6:      layout_basic, uniq_duvessa
D:7:      layout_basic, nicolae_qazlal_style_of_elements, lemuel_crystal_altar,
          uniq_joseph, uniq_menkaure

Skill      XL: |  1  2  3  4  5  6  7  8 |
---------------+-------------------------+-----
Conjurations   | 4 5 6 7 |  7.0
Fire Magic     | 1 4 6 7 |  7.3
Dodging        | |  1.7
Stealth        | |  1.7
Spellcasting   | |  1.7

Action                   |  1- 3 |  4- 6 |  7- 9 || total
-------------------------+-------+-------+-------++-------
Melee: Dagger            |     8 |    20 |     9 ||    37
       Unarmed           |     1 |       |       ||     1
       Punch             |       |       |     1 ||     1
Throw: Stone             |       |     5 |       ||     5
       Dart              |       |     4 |     5 ||     9
 Cast: Magic Dart        |    92 |    77 |    52 ||   221
       Searing Ray       |     2 |     5 |     5 ||    12
       Scorch            |       |     5 |    21 ||    26
       Dazzling Flash    |       |       |     2 ||     2
Evoke: Wand              |       |       |     2 ||     2
  Use: Scroll            |       |     5 |     4 ||     9
 Stab: Invisible         |       |       |     1 ||     1
Armor: Robe              |     1 |     9 |     6 ||    16
Dodge: Dodged            |    15 |    35 |    21 ||    71

Table legend: (Time is in decaauts)
 A = Elapsed time spent in this place.
 B = Non-inter-level travel time spent in this place.
 C = Inter-level travel time spent in this place.
 D = Time resting spent in this place.
 E = Time spent auto-exploring this place.
 F = Levels seen in this place.
 G = Mean time per level.
                   A        B        C        D        E       F      G
               +--------+--------+--------+--------+--------+-----+--------+
         Total |   8049 |   7438 |    611 |   1421 |   4915 |   7 | 1149.9 |
       Dungeon |   8049 |   7438 |    611 |   1421 |   4915 |   7 | 1149.9 |
               +--------+--------+--------+--------+--------+-----+--------+

Top non-repeatable levels by time:
     D:6: 1730 daAuts
     D:4: 1630 daAuts
     D:1: 1352 daAuts
     D:7: 890 daAuts
     D:5: 884 daAuts
     D:2: 807 daAuts
     D:3: 754 daAuts
